 Dungeon Crawl Stone Soup version 0.25-a0-71-ge910a4a285 (webtiles) character file.

Game seed: 7062263793243929943, levelgen mode: deterministic

90638 Amanar the Warrior (level 16, -2/112 HPs)
             Began as a Gargoyle Fighter on Nov 3, 2019.
             Was the Champion of Okawaru.
             Killed by divine providence
             ... invoked by an orc high priest
              (11 damage)
             ... on level 2 of the Orcish Mines.
             The game lasted 01:05:20 (23596 turns).

Amanar the Warrior (Gargoyle Fighter)              Turns: 23596, Time: 01:05:20

Health: -2/112     AC: 29    Str: 31    XL:     16   Next: 1%
Magic:  18/23      EV:  7    Int: 10    God:    Okawaru [******]
Gold:   2012       SH: 14    Dex: 13    Spells: 15/15 levels left

rFire    + + .     SeeInvis .   A - +8 demon blade "Leech" {vamp, rN+ AC-3 EV-3}
rCold    + . .     Gourm    .   L - +0 shield {rF+}
rNeg     + + +     Faith    .   Q - quicksilver dragon scales of Anarchy {MR+ Regen+ Str+4 Stlth+}
rPois    ∞         Spirit   .   i - +2 helmet
rElec    +         Reflect  .   b - scarf {rC+ rF+}
rCorr    .         Harm     .   G - +2 pair of gloves {Str+3}
MR       +++..                  F - +2 pair of boots
Stlth    ++........             M - amulet of Cagguzif {Regen+ Dex+4}
HPRegen  1.08/turn              l - ring of protection from magic
MPRegen  0.18/turn              z - ring of positive energy

@: finesse, studying Staves
A: big wings, deformed body, negative energy resistance 1, electricity
resistance, weak 1, unbreathing, petrification resistance, rot immunity, AC +12
a: Fly, Heroism, Finesse, Renounce Religion


You were on level 2 of the Orcish Mines.
You worshipped Okawaru.
Okawaru was exalted by your worship.
You were hungry.

You visited 4 branches of the dungeon, and saw 24 of its levels.

You collected 2426 gold pieces.
You spent 414 gold pieces at shops.

Inventory:

Hand Weapons
 A - the +8 demon blade "Leech" (weapon) {vamp, rN+ AC-3 EV-3}
   (You took it off a centaur warrior on level 13 of the Dungeon)

   It inflicts no extra harm, but heals its wielder when it wounds a living foe.
   It affects your AC (-3).
   It affects your evasion (-3).
   It protects you from negative energy.
Missiles
 n - 2 throwing nets (quivered) {!f}
Armour
 b - a scarf of resistance (worn)
   (You found it on level 9 of the Dungeon)
 i - a +2 helmet (worn)
   (You found it on level 5 of the Dungeon)
 F - a +2 pair of boots (worn)
   (You found it on level 3 of the Lair of Beasts)
 G - a +2 pair of gloves of strength (worn)
   (Okawaru gifted it to you on level 13 of the Dungeon)
 L - a +0 shield of fire resistance (worn)
   (You acquired it on level 1 of the Orcish Mines)
 Q - the quicksilver dragon scales of Anarchy (worn) {MR+ Regen+ Str+4 Stlth+}
   (You found it on level 13 of the Dungeon)

   It affects your strength (+4).
   It affects your resistance to hostile enchantments.
   It increases your rate of regeneration.
   It makes you more stealthy.
Jewellery
 l - a ring of protection from magic (left hand)
   (You found it on level 8 of the Dungeon)
 z - a ring of positive energy (right hand)
   (You found it on level 12 of the Dungeon)
 M - the amulet of Cagguzif (around neck) {Regen+ Dex+4}
   (You found it on level 4 of the Lair of Beasts)

   [amulet of regeneration]

   It affects your dexterity (+4).
   It increases your rate of regeneration.
Wands
 c - a wand of disintegration (15)
   (You took it off an orc on level 11 of the Dungeon)
 d - a wand of iceblast (17)
   (You found it on level 8 of the Dungeon)
 p - a wand of clouds (4)
   (You found it on level 13 of the Dungeon)
 t - a wand of flame (36)
   (You found it on level 13 of the Dungeon)
 u - a wand of paralysis (6)
   (You found it on level 8 of the Dungeon)
 v - a wand of digging (11)
   (You found it on level 13 of the Dungeon)
 x - a wand of acid (15)
   (You found it on level 13 of the Dungeon)
 C - a wand of scattershot (4)
   (You found it on level 5 of the Lair of Beasts)
 H - a wand of polymorph (5)
   (You found it on level 13 of the Dungeon)
Scrolls
 f - 11 scrolls of identify {@r1}
 k - 2 scrolls of enchant weapon
 o - 2 scrolls of blinking
 q - 5 scrolls of remove curse {@r2}
 w - 3 scrolls of magic mapping
 y - 6 scrolls of enchant armour
 B - a scroll of summoning
 J - 2 scrolls of silence
 N - a scroll of fog
Potions
 g - 2 potions of brilliance
 h - 2 potions of resistance
 j - 3 potions of flight
 m - 2 potions of haste {@q3}
 s - 5 potions of curing {@q1}
 D - a potion of lignification {!q}
 R - a potion of might
Books
 K - a manual of Staves {!d}
   (You found it on level 13 of the Dungeon)
Comestibles
 a - 7 chunks of flesh
 e - 34 rations {!d}


   Skills:
 * Level 17.1 Fighting
 + Level 7.8 Long Blades
   Level 8.1 Maces & Flails
 + Level 12.9 Armour
 + Level 12.8 Shields
 + Level 5.0 Invocations
 + Level 10.0 Evocations


You had 15 spell levels left.
You didn't know any spells.
Your spell library contained the following spells:

 Spells                   Type           Power        Failure   Level  Hunger
 Beastly Appendage        Tmut           #.....       54%         1    ##.....
 Corona                   Hex            #......      54%         1    ##.....
 Infusion                 Chrm           #...         54%         1    ##.....
 Magic Dart               Conj           #...         54%         1    ##.....
 Sandblast                Erth           #.....       54%         1    ##.....
 Shock                    Conj/Air       #...         54%         1    ##.....
 Blink                    Tloc           N/A          67%         2    ###....
 Call Imp                 Summ           #.......     67%         2    ###....
 Ensorcelled Hibernation  Hex/Ice        #.....       67%         2    ###....
 Passwall                 Tmut/Erth      #.......     67%         2    ###....
 Searing Ray              Conj           #.....       67%         2    ###....
 Shroud of Golubria       Chrm/Tloc      #.....       67%         2    ###....
 Slow                     Hex            #.......     67%         2    ###....
 Song of Slaying          Chrm           #.......     67%         2    ###....
 Sticks to Snakes         Tmut           #.......     67%         2    ###....
 Swiftness                Chrm/Air       #.......     67%         2    ###....
 Confuse                  Hex            #.......     88%         3    ####...
 Conjure Flame            Conj/Fire      #.......     88%         3    ####...
 Dazzling Spray           Conj/Hex       #.....       88%         3    ####...
 Mephitic Cloud           Conj/Pois/Air  #.......     88%         3    ####...
 Regeneration             Chrm/Necr      #.........   88%         3    ####...
 Spectral Weapon          Hex/Chrm       #.......     88%         3    ####...
 Spider Form              Tmut/Pois      #.........   88%         3    ####...
 Static Discharge         Conj/Air       #.......     88%         3    ####...
 Stone Arrow              Conj/Erth      #.....       88%         3    ####...
 Tukima's Dance           Hex            #.......     88%         3    ####...
 Airstrike                Air            #.........   99%         4    #####..
 Force Lance              Conj/Tloc      #.......     99%         4    #####..
 Fulminant Prism          Conj/Hex       #.........   99%         4    #####..
 Ice Form                 Ice/Tmut       #.......     99%         4    #####..
 Iskenderun's Mystic Bla  Conj           #.......     99%         4    #####..
 Leda's Liquefaction      Hex/Erth       #.........   99%         4    #####..
 Petrify                  Tmut/Erth      #.......     99%         4    #####..
 Blade Hands              Tmut           #.........   100%        5    ######.
 Bolt of Magma            Conj/Fire/Erth #.........   100%        5    ######.
 Lee's Rapid Deconstruct  Erth           #.........   100%        5    ######.
 Lightning Bolt           Conj/Air       #.........   100%        5    ######.
 Iron Shot                Conj/Erth      #.........   100%        6    #######
 Shatter                  Erth           #.........   100%        9    #######
 Statue Form              Tmut/Erth      Unusable     N/A         6    N/A

Dungeon Overview and Level Annotations

Branches:
Dungeon (15/15)            Temple (1/1) D:6            Lair (6/6) D:10
  Swamp (0/4) Lair:2        Snake (0/4) Lair:2        Slime (0/5) Lair:5
    Orc (2/2) D:11         Vaults (0/5) D:13         Depths (0/5) D:15
    Elf: Orc:2

Altars:
Ashenzari
Cheibriados
Dithmenos
Elyvilon
Fedhas
Gozag
Hepliaklqana
Kikubaaqudgha
Makhleb
Nemelex Xobeh
Okawaru
Qazlal
Ru
Sif Muna
Trog
Uskayaw
Vehumet
Wu Jian
Xom
Yredelemnul
Zin
The Shining One
Beogh
Jiyva

Shops:
D:11 (   D:12 [   Orc:1 *

Portals:
Hell: Lair:6

Annotations:
D:13 1 runed translucent door
Lair:5 1 runed translucent door


Innate Abilities, Weirdness & Mutations

You are resistant to torment.
Your stone body is resilient. (AC +12)
You are immune to poison.
Your large and strong wings let you fly indefinitely.
You resist negative energy. (rN+)
You are resistant to electric shocks. (rElec)
You can survive without breathing.
You are immune to petrification.
You are immune to rotting.
Armour fits poorly on your strangely shaped body.
You are weak. (Str -2)


Message History

The orc wizard hits you but does no damage.
The orc high priest utters an invocation to Beogh.
The orc priest hits you but does no damage.
You block the orc's attack.
You barely miss the orc high priest. You block the sun demon's attack.
The orc wizard hits you but does no damage.
You block the orc warrior's attack.
The orc high priest hits you but does no damage.
The orange demon stings you but does no damage. x2
You block the orc priest's attack.
The sun demon hits you but does no damage.
The orc hits you but does no damage.
The orc wizard casts a spell.
The orc wizard blinks!
You hit the orc high priest.
You feel better.
The orc wizard looks satisfied for a moment.
You block the orc warrior's attack. You block the orc high priest's attack.
The sun demon hits you!
* * * LOW HITPOINT WARNING * * *
You are engulfed in flames.
You resist.
* * * LOW HITPOINT WARNING * * *
You block the orange demon's attack.
The orange demon stings you but does no damage.
You slash the orc high priest!
You feel better. You block the orc priest's attack. The orc barely misses you.
The orc wizard hits you but does no damage.
You block the orc high priest's attack. The sun demon hits you!
* * * LOW HITPOINT WARNING * * *
You are engulfed in flames.
You resist.
* * * LOW HITPOINT WARNING * * *
The orc warrior closely misses you.
You can now deal lightning-fast blows.
The orc wizard casts a spell at you.
The magic dart hits you but does no damage.
You block the orange demon's attack. The orange demon stings you from afar.
* * * LOW HITPOINT WARNING * * *
You block the orc priest's attack. The orc hits you but does no damage.
The sun demon hits you but does no damage.
The orc high priest hits you but does no damage.
You closely miss the orc high priest. The orange demon completely misses you.
The orc wizard hits you but does no damage.
The orange demon closely misses you. You block the orc warrior's attack.
The orc priest hits you but does no damage.
The sun demon closely misses you. The orc hits you but does no damage.
You closely miss the orc high priest.
The orc wizard no longer looks unusually strong.
The orc high priest no longer looks unusually strong.
The orc high priest calls down the wrath of Beogh upon you.
Beogh smites you!
You die... ####. ... .........# ##........# #...#. ###.#.#.....# '.ooo

#.....#.....# #oo.#
.........#..# #.8.#
..#......4..# #o..#
#....o)34..# +.o.+
#.#..@o...# #oo.#
###..o.o..# ##.o.##
##.#....o..## #8[.T8#
#...........###.†...###
##.#..........##))'##..
##...............÷....
##............8.8...$
##.............)....
#...................


You could see an orc high priest, a sun demon, 2 orange demons, an orc warrior,
an orc priest, an orc wizard and an orc.

Vanquished Creatures
  Rupert (Lair:6)
  Frances (D:12)
  A dire elephant (Lair:6)
  Snorg (Lair:6)
  A vault guard (D:13)
  8 hydras
  A catoblepas (Lair:6)
  A death knight (D:13)
  6 centaur warriors (D:13)
  3 two-headed ogres
  2 tengu warriors (D:15)
  A queen ant (Lair:3)
  A deep troll earth mage (D:13)
  A death yak (Lair:4)
  A sun demon (Lair:6)
  3 unseen horrors
  4 wizards
  A deep troll (D:13)
  Pikel (D:6)
  An orc knight (Orc:1)
  A necromancer (D:15)
  11 ugly things
  6 manticores
  An orb spider (shapeshifter) (D:13)
  4 deep elf magi
  2 orc sorcerers
  5 cyclopes
  An elephant (Lair:6)
  3 black mambas
  3 orange demons (Lair:6)
  A smoke demon (Lair:6)
  10 spiny frogs
  4 gargoyles
  4 rime drakes (Lair:6)
  2 yaktaurs (D:13)
  7 kobold demonologists
  A tengu conjurer (D:14)
  A freezing wraith (D:14)
  2 ice devils (Lair:6)
  6 efreet
  3 komodo dragons
  2 redback zombies
  A meliai (D:13)
  A red devil (Lair:6)
  11 trolls
  2 wolf spider simulacra (D:13)
  A meliai zombie (D:11)
  A slime creature (D:13)
  A hornet (D:13)
  A hippogriff (shapeshifter) (D:13)
  11 hippogriffs
  16 blink frogs
  A centaur simulacrum (D:15)
  Sigmund (D:5)
  4 wyverns
  5 basilisks
  5 wraiths
  2 shadows (D:13)
  50 yaks
  3 hungry ghosts
  9 vampire mosquitoes
  Grum (D:8)
  A warg (Orc:1)
  Edmund (D:6)
  4 soldier ants (Lair:3)
  10 water moccasins
  A two-headed ogre zombie (D:11)
  6 porcupines
  3 hell hounds (Lair:6)
  23 orc warriors
  2 sky beasts (D:7)
  A hornet zombie (D:13)
  A necrophage (D:12)
  A black bear (D:7)
  7 ice beasts
  4 eyes of draining
  3 phantoms
  13 ogres
  7 centaurs
  14 wolves
  10 crocodiles
  7 big kobolds
  20 bullfrogs
  A gnoll sergeant (D:8)
  A wyvern skeleton (D:12)
  6 scorpions
  4 troll zombies (D:11)
  6 wights
  A howler monkey (D:4)
  2 electric eels (Lair:2)
  6 crimson imps
  5 centaur zombies
  A bullfrog zombie (D:11)
  5 hounds
  2 quasits
  18 orc priests
  5 centaur skeletons
  A gnoll shaman (D:6)
  4 jellies
  22 orc wizards
  2 bullfrog skeletons
  2 iguanas
  17 worker ants
  4 hell rats (Lair:5)
  3 ogre zombies (D:11)
  A hound zombie (D:5)
  Robin (D:2)
  2 worker ant zombies
  17 adders
  11 gnolls
  2 howler monkey skeletons
  6 shadow imps
  An ooze (D:2)
  2 adder skeletons
  An adder zombie (D:8)
  4 dart slugs
  9 leopard geckos
  115 orcs
  3 giant cockroaches
  19 goblins
  7 hobgoblins
  4 quokkas
  A ball python (D:1)
  3 bats
  2 frilled lizards
  A goblin skeleton (D:11)
  A goblin zombie (D:11)
  2 hobgoblin skeletons (D:11)
  A hobgoblin zombie (D:11)
  A jackal skeleton (D:8)
  32 kobolds
  A leopard gecko skeleton (D:6)
  2 orc skeletons (D:11)
  18 orc zombies (D:11)
  A quokka skeleton (D:5)
  4 rats
779 creatures vanquished.

Vanquished Creatures (collateral kills)
  An ugly thing (D:14)
1 creature vanquished.

Vanquished Creatures (others)
  An unseen horror (D:14)
  A fire bat (D:5)
  An iguana (D:5)
  A gnoll (D:5)
  3 orcs (D:5)
  A goblin (D:14)
  22 fungi
  8 plants
38 creatures vanquished.

Grand Total: 818 creatures vanquished

Notes
Turn   | Place    | Note
-------+----------+-------------------------------------------
     0 | D:1      | Amanar the Gargoyle Fighter began the quest for the Orb.
     0 | D:1      | Reached XP level 1. HP: 14/14 MP: 1/1
   109 | D:1      | Reached XP level 2. HP: 19/19 MP: 2/2
   478 | D:1      | Reached XP level 3. HP: 24/24 MP: 3/3
   655 | D:2      | Noticed Robin
  1001 | D:2      | Killed Robin
  1001 | D:2      | Reached skill level 4 in Fighting
  1103 | D:2      | Reached XP level 4. HP: 29/29 MP: 4/4
  1362 | D:2      | Found a shimmering blue altar of Sif Muna.
  1475 | D:3      | Reached XP level 5. HP: 33/34 MP: 5/5
  1504 | D:3      | Found a blossoming altar of Fedhas.
  1544 | D:3      | Found a faded altar of an unknown god.
  1679 | D:3      | Found a radiant altar of Vehumet.
  1679 | D:3      | Found a burning altar of Makhleb.
  1680 | D:3      | Found a sparkling altar of Nemelex Xobeh.
  2170 | D:4      | Reached skill level 5 in Fighting
  2233 | D:4      | Reached XP level 6. HP: 25/40 MP: 6/6
  3124 | D:5      | Entered Level 5 of the Dungeon
  3124 | D:5      | Noticed Sigmund
  3174 | D:5      | Noticed a slave
  3175 | D:5      | Noticed Pikel
  3175 | D:5      | Noticed a slave
  3445 | D:6      | Noticed an ice beast
  3753 | D:6      | Killed an ice beast
  3753 | D:6      | Reached XP level 7. HP: 35/45 MP: 7/7
  3996 | D:6      | Reached skill level 6 in Fighting
  3996 | D:6      | Reached skill level 5 in Armour
  3996 | D:6      | Reached skill level 1 in Evocations
  4132 | D:6      | Reached skill level 5 in Shields
  4408 | D:6      | Noticed Edmund
  4429 | D:6      | Killed Edmund
  4429 | D:6      | Reached XP level 8. HP: 52/52 MP: 9/9
  4544 | D:6      | Reached skill level 7 in Fighting
  4756 | D:6      | Found a staircase to the Ecumenical Temple.
  5030 | D:7      | Noticed a hippogriff
  5129 | D:6      | Killed Pikel
  5129 | D:6      | Reached skill level 8 in Fighting
  5129 | D:6      | Reached skill level 5 in Maces & Flails
  5129 | D:6      | Reached XP level 9. HP: 59/59 MP: 9/11
  5782 | D:5      | Killed Sigmund
  5805 | D:5      | Found a radiant altar of Vehumet.
  6662 | D:7      | Found a bloodstained altar of Trog.
  6699 | D:7      | Reached skill level 9 in Fighting
  6840 | D:7      | Found a shattered altar of Ashenzari.
  6879 | D:7      | Found a stormy altar of Qazlal.
  8066 | D:8      | Reached XP level 10. HP: 64/67 MP: 12/12
  8084 | D:8      | Noticed Grum
  8098 | D:8      | Killed Grum
  8208 | D:8      | Reached skill level 10 in Fighting
  9145 | D:10     | Entered Level 10 of the Dungeon
  9145 | D:10     | Noticed a gargoyle
  9497 | D:10     | Killed a gargoyle
 10410 | Temple   | Entered the Ecumenical Temple
 10523 | Temple   | Became a worshipper of Warmaster Okawaru
 11192 | D:10     | Noticed a gargoyle
 11196 | D:10     | Killed a gargoyle
 11210 | D:10     | Reached skill level 11 in Fighting
 11270 | D:10     | Reached * piety under Okawaru
 11274 | D:10     | Reached XP level 11. HP: 65/74 MP: 14/14
 11356 | D:10     | Noticed a two-headed ogre
 11372 | D:10     | Reached skill level 5 in Evocations
 11421 | D:10     | Killed a two-headed ogre
 11431 | D:10     | Reached ** piety under Okawaru
 11674 | D:10     | Found a staircase to the Lair.
 11977 | D:11     | Noticed a two-headed ogre
 11989 | D:11     | Killed a two-headed ogre
 12043 | D:11     | Reached *** piety under Okawaru
 12245 | D:11     | Noticed a cyclops
 12247 | D:11     | Killed a cyclops
 12247 | D:11     | Reached skill level 12 in Fighting
 12292 | D:11     | Noticed a deep elf mage
 12292 | D:11     | You fall into a shaft and drop 2 floors!
 12292 | D:13     | Noticed a cyclops
 12308 | D:13     | Killed a cyclops
 12308 | D:13     | Noticed a manticore
 12328 | D:13     | Killed a manticore
 12356 | D:13     | Noticed a centaur warrior
 12377 | D:13     | Killed a centaur warrior
 12379 | D:13     | Noticed a centaur warrior
 12386 | D:13     | Killed a centaur warrior
 12386 | D:13     | Reached **** piety under Okawaru
 12414 | D:13     | Reached XP level 12. HP: 78/82 MP: 16/16
 12446 | D:13     | Reached skill level 1 in Long Blades
 12630 | D:13     | Noticed a centaur warrior
 12637 | D:13     | Killed a centaur warrior
 12637 | D:13     | Reached ***** piety under Okawaru
 12655 | D:13     | Reached skill level 13 in Fighting
 12754 | D:13     | Found a runed translucent door.
 12754 | D:13     | Noticed a four-headed hydra
 12755 | D:13     | Noticed a tengu reaver
 12778 | D:13     | Received a gift from Okawaru
 12837 | D:13     | Found a shimmering altar of Xom.
 12857 | D:13     | Reached skill level 10 in Shields
 13095 | D:13     | Reached skill level 10 in Armour
 13123 | D:13     | Noticed a centaur warrior
 13127 | D:13     | Killed a centaur warrior
 13211 | D:13     | Noticed a vault guard
 13213 | D:13     | Noticed a death knight
 13240 | D:13     | Killed a death knight
 13250 | D:13     | Killed a vault guard
 13272 | D:13     | Found a gate to the Vaults.
 13297 | D:13     | Noticed a shock serpent
 13309 | D:13     | a shock serpent changed into a manticore
 13407 | D:13     | Reached XP level 13. HP: 89/89 MP: 18/18
 13461 | D:13     | Reached skill level 14 in Fighting
 13670 | D:13     | Reached ****** piety under Okawaru
 13748 | D:13     | Got translucent quicksilver dragon scales
 13863 | D:13     | Noticed a great orb of eyes
 14438 | D:14     | Received a gift from Okawaru
 14466 | D:14     | Got a steaming robe {god gift}
 14467 | D:14     | Identified the +2 robe "Huchyted" {rElec rF- Int-3 Slay+6}
                  | (Okawaru gifted it to you on level 14 of the Dungeon)
 14468 | D:14     | Identified the quicksilver dragon scales of Anarchy {MR+
                  | Regen+ Str+4 Stlth+} (You found it on level 13 of the
                  | Dungeon)
 14711 | D:14     | Reached skill level 5 in Long Blades
 15054 | D:15     | Entered Level 15 of the Dungeon
 15094 | D:15     | Gained mutation: You are weak. (Str -2) [a neqoxec]
 15096 | D:15     | Gained mutation: Armour fits poorly on your strangely
                  | shaped body. [a neqoxec]
 15138 | D:15     | Reached skill level 15 in Fighting
 15202 | D:15     | Gained mutation: Your large and strong wings let you fly
                  | indefinitely. [Gargoyle growth]
 15202 | D:15     | Reached XP level 14. HP: 98/98 MP: 20/20
 15672 | D:15     | Found a staircase to the Depths.
 15955 | D:12     | Found Xorroca's Armour Shoppe.
 15963 | D:12     | Received a gift from Okawaru
 16094 | D:12     | Found a roughly hewn altar of Beogh.
 16178 | D:12     | Noticed Frances
 16713 | D:12     | Killed Frances
 17093 | D:11     | Found Xofeun's Antique Weapon Emporium.
 17129 | D:11     | Found a staircase to the Orcish Mines.
 17529 | Lair:1   | Entered Level 1 of the Lair of Beasts
 17854 | Lair:1   | Reached skill level 1 in Invocations
 18319 | Lair:2   | Reached skill level 16 in Fighting
 18398 | Lair:2   | Found a staircase to the Swamp.
 18735 | Lair:2   | Found a staircase to the Snake Pit.
 19094 | Lair:3   | Received a gift from Okawaru
 19117 | Lair:3   | Got a scorched cloak {god gift}
 19118 | Lair:3   | Identified the +1 cloak "Pixa" {+Fly MR+ Dex-2} (Okawaru
                  | gifted it to you on level 3 of the Lair of Beasts)
 19155 | Lair:3   | Reached XP level 15. HP: 104/104 MP: 21/21
 19679 | Lair:3   | Got a blackened halberd
 20009 | Lair:4   | Got an ancient diamond amulet
 21112 | Lair:5   | Found a runed translucent door.
 21112 | Lair:5   | Found a viscous altar of Jiyva.
 21112 | Lair:5   | Found a staircase to the Slime Pits.
 21112 | Lair:5   | Noticed an acid blob
 21112 | Lair:5   | Noticed an acid blob
 21112 | Lair:5   | Noticed an acid blob
 21112 | Lair:5   | Noticed an acid blob
 21415 | Lair:6   | Entered Level 6 of the Lair of Beasts
 21543 | Lair:6   | Identified the amulet of Cagguzif {Regen+ Dex+4} (You found
                  | it on level 4 of the Lair of Beasts)
 21591 | Lair:6   | Received a gift from Okawaru
 21777 | Lair:6   | Found a burning altar of Makhleb.
 21942 | Lair:6   | Found a gateway to Hell.
 22029 | Lair:6   | Noticed Rupert
 22048 | Lair:6   | Killed Rupert
 22154 | Lair:6   | Reached skill level 17 in Fighting
 22360 | Lair:6   | Noticed Snorg
 22366 | Lair:6   | Killed Snorg
 22909 | Orc:1    | Entered Level 1 of the Orcish Mines
 23114 | Orc:1    | Reached skill level 10 in Evocations
 23185 | Orc:1    | Found Ponuc's Assorted Antiques.
 23188 | Orc:1    | Bought a scroll of blinking for 225 gold pieces
 23188 | Orc:1    | Bought a scroll labeled YTYUQI OMOBUIKH for 30 gold pieces
 23188 | Orc:1    | Bought an amethyst potion for 27 gold pieces
 23188 | Orc:1    | Bought a fizzy green potion for 27 gold pieces
 23188 | Orc:1    | Bought a scroll of magic mapping for 105 gold pieces
 23435 | Orc:2    | Entered Level 2 of the Orcish Mines
 23514 | Orc:2    | Reached skill level 5 in Invocations
 23514 | Orc:2    | Reached XP level 16. HP: 112/112 MP: 23/23
 23596 | Orc:2    | Killed from afar by an orc high priest

Levels and vault maps discovered:
D:1:      sevenhm_arrival_forest_fort_small_3, layout_basic,
          minmay_misc_feat_tiny
D:2:      layout_basic, st_stairs_9, lemuel_blue_sif_altar, uniq_robin
D:3:      layout_loops_ring, gammafunk_temple_overflow_forgotten,
          chequers_ecumenical_altar_simple, first_ration, fedhas_ov_isle_minmay
D:4:      layout_basic, hangedman_decor_points
D:5:      layout_cave_pools, basic_altar, grunt_ministairs_2, uniq_sigmund,
          uniq_pikel
D:6:      layout_basic, temple_hall, uniq_edmund
D:7:      kennysheep_kobold_camp, layout_cave_pools, overflow_temple_1_default,
          grunt_qazlal_clouds, nicolae_ashenzari_panopticon
D:8:      layout_rooms, grunt_ogre_cave, uniq_grum
D:9:      layout_basic
D:10:     layout_basic, grunt_lair_entry_orc_guard_hut
D:11:     minmay_angry_zag, layout_basic, zombieorc2_lemuel, serial_shops,
          kennysheep_little_box, chequers_mini_garden, grunt_ministairs_15
D:12:     layout_roguey [special_room_orc], serial_shops,
          nicolae_shop_statue_plus, uniq_frances
D:13:     minmay_the_grid_square_5x5_5x5 [minmay_the_grid_square_5x5_eight,
          minmay_the_grid_square_5x5_inner_z,
          minmay_the_grid_square_5x5_dogpile, minmay_the_grid_square_5x5_v,
          minmay_the_grid_square_5x5_three,
          minmay_the_grid_square_5x5_six_small,
          minmay_the_grid_square_5x5_prize_junk,
          minmay_the_grid_square_5x5_shrine2,
          minmay_the_grid_square_5x5_prize_monsterx,
          minmay_the_grid_square_5x5_checkered,
          minmay_the_grid_square_5x5_trominoes,
          minmay_the_grid_square_5x5_doubleslash,
          minmay_the_grid_square_5x5_prize_deathbox,
          minmay_the_grid_square_5x5_six, minmay_the_grid_square_5x5_percent,
          minmay_the_grid_square_5x5_one_wall,
          minmay_the_grid_square_5x5_prize_pseudospiral,
          minmay_the_grid_square_5x5_minibox,
          minmay_the_grid_square_5x5_prize_snowflake,
          minmay_the_grid_square_5x5_minivault,
          minmay_the_grid_square_5x5_fat_x,
          minmay_the_grid_square_5x5_tetrominoes,
          minmay_the_grid_square_5x5_slash,
          minmay_the_grid_square_5x5_fancy_junction,
          minmay_the_grid_square_5x5_corner], layout_loops_cross,
          david_vaults_5, basic_altar, minmay_st_funbox
D:14:     layout_long_grid, chequers_serial_rivers_micro_d, enter_bailey_3
D:15:     grunt_enter_depths_magical_seal, layout_cross, serial_rivers,
          chequers_serial_rivers_small_3, chequers_serial_rivers_room_a,
          chequers_serial_rivers_large_a, chequers_serial_rivers_micro_a
Temple:   nicolae_temple_elliptical
Lair:1:   layout_concentric_octagons
Lair:2:   layout_roguey, minmay_swamp_entry_swarm, dummy_snake_entry,
          minmay_holes, nicolae_quartered_pool_super, grunt_megastairs_1
Lair:3:   layout_cave_pods, minmay_another_anthill
Lair:4:   layout_long_grid, beast_lair_carwin_6
Lair:5:   layout_gridlike, slime_altar_2
Lair:6:   evil_forest, layout_regular_city, infiniplex_staircase_pool,
          uniq_snorg, uniq_rupert
Orc:1:    layout_caves, serial_shops, nicolae_shop_behind_doors, uniq_josephine
Orc:2:    grunt_orc_community_town_hall, layout_caves,
          grunt_orc_community_big_house_1, grunt_orc_community_big_house_1,
          grunt_orc_community_house_2, grunt_orc_community_house_3,
          grunt_orc_community_house_1, grunt_orc_community_house_2,
          grunt_orc_community_house_1

Skill      XL: |  1  2  3  4  5  6  7  8  9 10 11 12 13 14 15 |
---------------+----------------------------------------------+-----
Fighting       | 4 5 6 8 9 11 12 13 15 16 17 | 17.1
Armour         | 4 5 6 7 8 9 10 11 12 | 12.9
Shields        | 4 5 6 7 8 9 10 11 12 | 12.8
Maces & Flails | 3 4 5 6 7 8 |  8.1
Evocations     | 1 3 4 6 7 8 9 10 | 10.0
Long Blades    | 3 5 6 7 |  7.8
Invocations    | 2 5 |  5.0

Action                   |  1- 3 |  4- 6 |  7- 9 | 10-12 | 13-15 | 16-18 || total
-------------------------+-------+-------+-------+-------+-------+-------++-------
Melee: Flail             |    99 |   210 |       |   299 |       |       ||   608
       Mace              |       |    51 |   499 |   289 |       |       ||   839
       Demon blade       |       |       |       |   231 |  1624 |    39 ||  1894
Throw: Throwing net      |       |       |       |       |     1 |       ||     1
Invok: Heroism           |       |       |       |     1 |     6 |       ||     7
       Finesse           |       |       |       |       |     2 |     1 ||     3
Evoke: Wand              |       |       |     7 |    28 |    35 |       ||    70
  Use: Scroll            |     4 |    10 |     3 |     8 |    17 |     1 ||    43
       Potion            |     1 |     1 |     4 |     2 |     5 |     1 ||    14
 Stab: Paralysed         |       |       |    25 |       |       |       ||    25
       Sleeping          |       |       |       |       |     3 |       ||     3
  Eat: Chunk             |     1 |     7 |     5 |    20 |    37 |       ||    70
       Ration            |       |     1 |     3 |     1 |       |       ||     5
Armor: Scale mail        |    77 |   169 |   364 |    78 |       |       ||   688
       Plate armour      |       |       |       |   623 |   292 |       ||   915
       Quicksilver drago |       |       |       |       |  1128 |    41 ||  1169
Dodge: Dodged            |    45 |    97 |   249 |   202 |   497 |    21 ||  1111
Block: Shield            |    61 |   167 |   374 |   549 |  1380 |    56 ||  2587
       Rpst.: Demon blade |       |       |       |     6 |    95 |     3 ||   104

Table legend:
 A = Non-vault XP
 B = Vault XP
 C = Vault XP percentage of total XP
 D = Non-vault monster count
 E = Vault monster count
 F = Vault count percentage of total count
                 A         B        C        D         E       F
            +---------+---------+-------+---------+---------+-------
      Total |   71096 |   58387 |  45.1 |     515 |     265 |  34.0
            +---------+---------+-------+---------+---------+-------
        D:1 |      39 |       2 |   4.9 |      14 |       1 |   6.7
        D:2 |      35 |      41 |  53.9 |      10 |      13 |  56.5
        D:3 |     156 |       0 |   0.0 |      29 |       0 |   0.0
        D:4 |     210 |       0 |   0.0 |      21 |       0 |   0.0
        D:5 |     294 |     169 |  36.5 |      12 |       1 |   7.7
        D:6 |    1086 |     965 |  47.1 |      30 |       4 |  11.8
        D:7 |    1491 |     127 |   7.8 |      23 |      21 |  47.7
        D:8 |     645 |     758 |  54.0 |      21 |       6 |  22.2
        D:9 |    1597 |       0 |   0.0 |      26 |       0 |   0.0
       D:10 |    4508 |     432 |   8.7 |      35 |       4 |  10.3
       D:11 |    3282 |    2732 |  45.4 |      29 |      44 |  60.3
       D:12 |    5907 |    3510 |  37.3 |      40 |      27 |  40.3
       D:13 |    5317 |   22052 |  80.6 |      24 |      59 |  71.1
       D:14 |    7803 |       6 |   0.1 |      27 |       3 |  10.0
       D:15 |    9331 |    3989 |  29.9 |      32 |       8 |  20.0
     Lair:1 |    4005 |       0 |   0.0 |      17 |       0 |   0.0
     Lair:2 |    1890 |    2586 |  57.8 |       9 |      14 |  60.9
     Lair:3 |    4228 |    1891 |  30.9 |      20 |      17 |  45.9
     Lair:4 |    2140 |    2557 |  54.4 |      13 |       7 |  35.0
     Lair:5 |    6969 |       0 |   0.0 |      29 |       0 |   0.0
     Lair:6 |    6164 |   16413 |  72.7 |      22 |      28 |  56.0
      Orc:1 |    2984 |       0 |   0.0 |      25 |       0 |   0.0
      Orc:2 |    1015 |     157 |  13.4 |       7 |       8 |  53.3
            +---------+---------+-------+---------+---------+-------
